 Dungeon Crawl Stone Soup version 0.29.1-12-g30fa7ad0bf (webtiles) character file.

Game seed: 2340457990581955220

52483 RapScallion the Impaler (level 14, -9/129 HPs)
             Began as a Hill Orc Fighter on Jan 14, 2023.
             Was an Elder of Uskayaw.
             Mangled by an orange demon (10 damage)
             ... summoned by Frances
             ... on level 1 of the Spider Nest.
             The game lasted 02:03:48 (19619 turns).

RapScallion the Impaler (Hill Orc Fighter)         Turns: 19619, Time: 02:03:49

Health: -9/129     AC: 36    Str: 33    XL:     14   Next: 64%
Magic:  14/14      EV:  9    Int:  8    God:    Uskayaw [****..]
Gold:   1069       SH:  5    Dex: 10    Spells: 13/13 levels left

rFire   . . .      SeeInvis +   i - +11 spear of the Foremost Moons {spect, rElec rPois rC- Str+3}
rCold   x . .      Faith    .   c - +0 buckler
rNeg    . . .      Spirit   .   M - +7 plate armour of the Tuna {rPois}
rPois   +          Reflect  .   Q - +2 helmet {SInv}
rElec   +          Harm     .   C - +2 cloak
rCorr   .          Rampage  .   l - +2 pair of gloves
Will    ++...                   m - +0 pair of boots
Stlth   ..........              X - amulet of regeneration
HPRegen 1.11/turn               o - +6 ring of strength
MPRegen 0.14/turn               P - ring of willpower

@: weakened
A: no striking features
a: Renounce Religion, Stomp, Line Pass


You were on level 1 of the Spider Nest.
You worshipped Uskayaw.
Uskayaw was noncommittal.
You visited 4 branches of the dungeon, and saw 18 of its levels.

You collected 1357 gold pieces.
You spent 288 gold pieces at shops.

Inventory:

Hand Weapons
 i - the +11 spear of the Foremost Moons (weapon) {spect, rElec rPois rC- Str+3}
   (You found it on level 7 of the Dungeon)

   When its wielder attacks, the weapon's spirit leaps out and strikes again.
   The spirit shares a part of any damage it takes with its wielder.
   Str:       It affects your strength (+3).
   rC:        It makes you vulnerable to cold.
   rElec:     It insulates you from electricity.
   rPois:     It protects you from poison.
 u - a +3 morningstar of protection
 A - a +3 flail of holy wrath
Missiles
 g - 37 poisoned darts (quivered)
 E - 5 boomerangs of dispersal
Armour
 c - a +0 buckler (worn)
 l - a +2 pair of gloves (worn)
 m - a +0 pair of boots (worn)
 v - a +4 ring mail of poison resistance
 C - a +2 cloak (worn)
 M - the +7 plate armour of the Tuna (worn) {rPois}
   (You found it on level 8 of the Dungeon)

   rPois:     It protects you from poison.
 Q - a +2 helmet of see invisible (worn)
 W - +0 swamp dragon scales
Jewellery
 o - a +6 ring of strength (left hand)
 H - the ring "Ublag" {Fire rCorr Dex+10 Slay-3}
   (You found it on level 9 of the Dungeon)

   [ring of fire]

   It enhances your fire magic.
   Dex:       It affects your dexterity (+10).
   Slay:      It affects your accuracy & damage with ranged weapons and melee
   (-3).
   rF:        It protects you from fire.
   rC:        It makes you vulnerable to cold.
   rCorr:     It protects you from acid and corrosion.
 P - a ring of willpower (right hand)
 X - an amulet of regeneration (around neck)
Wands
 b - a wand of quicksilver (4)
 y - a wand of paralysis (19)
 F - a wand of flame (87)
 N - a wand of polymorph (5)
Scrolls
 a - 6 scrolls of fear
 e - 8 scrolls of teleportation
 h - 2 scrolls of enchant weapon
 k - a scroll of amnesia
 p - a scroll of butterflies
 t - a scroll of vulnerability {unknown}
 G - 3 scrolls of enchant armour
 L - 2 scrolls of poison
 O - a scroll of magic mapping {unknown}
 S - a scroll of blinking
 T - 3 scrolls of torment {unknown}
Potions
 d - 3 potions of might
 j - a potion of mutation
 n - 4 potions of ambrosia
 q - a potion of flight
 r - 2 potions of haste
 s - 6 potions of heal wounds
 w - 3 potions of lignification
 z - 4 potions of berserk rage
 B - a potion of cancellation
 I - 8 potions of curing
 K - a potion of resistance {unknown}
 R - 3 potions of attraction
Miscellaneous
 f - a phial of floods
 U - a condenser vane


   Skills:
 + Level 13.0 Fighting
 - Level 6.7(15.2) Axes
 - Level 6.5(7.5) Maces & Flails
 * Level 16.8(17.1) Polearms
 + Level 14.7 Armour
 - Level 2.0 Dodging
 - Level 2.9 Stealth
 + Level 7.9 Shields


You had 13 spell levels left.
You didn't know any spells.
Your spell library contained the following spells:

 Spells                   Type           Power      Damage    Failure   Level
 Sandblast                Erth           0%         2d4       95%         1
 Summon Small Mammal      Summ           0%         N/A       95%         1
 Call Imp                 Summ           0%         N/A       98%         2
 Passwall                 Tmut/Erth      0%         N/A       98%         2
 Call Canine Familiar     Summ           0%         N/A       100%        3
 Gell's Gravitas          Tloc           0%         N/A       100%        3
 Portal Projectile        Hex/Tloc       0%         N/A       100%        3
 Stone Arrow              Conj/Erth      0%         3d7       100%        3
 Summon Guardian Golem    Hex/Summ       0%         N/A       100%        3
 Teleport Other           Tloc           0%         N/A       100%        3
 Tukima's Dance           Hex            0%         N/A       100%        3
 Passage of Golubria      Tloc           0%         N/A       100%        4
 Blade Hands              Tmut           0%         N/A       100%        5
 Borgnjor's Vile Clutch   Necr/Erth      0%         N/A       100%        5
 Silence                  Hex/Air        0%         N/A       100%        5
 Summon Mana Viper        Hex/Summ       0%         N/A       100%        5
 Dispersal                Tloc           0%         N/A       100%        6
 Monstrous Menagerie      Summ           0%         N/A       100%        7
 Lehudib's Crystal Spear  Conj/Erth      0%         10d2      100%        8


Dungeon Overview and Level Annotations

Branches:
Dungeon (11/15)            Temple (1/1) D:4            Lair (5/5) D:8
 Shoals (0/4) Lair:3       Spider (1/4) Lair:3        Slime (0/5) Lair:4
    Orc (0/2) D:9

Altars:
Ashenzari
Cheibriados
Dithmenos
Elyvilon
Fedhas
Gozag
Hepliaklqana
Kikubaaqudgha
Makhleb
Nemelex Xobeh
Okawaru
Qazlal
Ru
Sif Muna
Trog
Uskayaw
Vehumet
Wu Jian
Xom
Yredelemnul
Zin
The Shining One
Ignis
Jiyva

Shops:
D:4 (   D:5 :   D:6 ?   D:8 [   D:9 :

Annotations:
Lair:1 3 runed translucent doors, Estoelo's ghost, journeyman MiBe
Lair:4 3 runed translucent doors, Wuocso Bagia's ghost, journeyman TeSu
Spider:1 Frances


Message History

You hit Frances but do no damage.
Frances is moderately wounded.
You block Frances's attack.
You puncture Frances!
Frances is heavily wounded.
Frances hits you with a +0 scimitar!! The orange demon barely misses you.
Uskayaw prepares the audience for your solo!
The helpless Frances fails to defend herself.
You impale Frances!!
You kill the orb spider!
Frances is severely wounded.
Frances is no longer paralysed.
Frances is no longer sharing her pain.
You block Frances's attack.
You barely miss Frances.
Frances is severely wounded.
The chaos spawn is no longer paralysed.
The chaos spawn is no longer sharing its pain.
The orange demon is no longer paralysed.
The orange demon is no longer sharing its pain.
The jumping spider leaps!
Frances hits you with a +0 scimitar!!
The orange demon stings you but does no damage.
You hit Frances.
Frances is almost dead.
You block Frances's attack.
You hit Frances but do no damage.
Frances is almost dead.
The orange demon stings you but does no damage.
Unknown command.
You closely miss Frances.
Frances is almost dead.
Frances hits you with a +0 scimitar!!
* * * LOW HITPOINT WARNING * * *
You hit Frances.
Frances is almost dead.
Frances mutters in a terrible tongue.
The shard of ice hits you!!
You feel a painful chill!
* * * LOW HITPOINT WARNING * * *
The chaos spawn splatters into many small globs of multi-coloured light, then recombines.
The orange demon stings you from afar!
You die...

#.$......# .#
#....@.4.#
..##........#
....#.....°.#
...#...s○..#
....#†4..### ^
#^#4### ###†@##
##...#@# #^....##
##.....# #......##
##.......#
#........#
.....#####.......#
.......###.>.....#
.................#


You could see Frances (fast, strong), an orange demon (summoned) and a chaos
spawn (summoned).

Vanquished Creatures
  The ghost of Anandil the Skirmisher, a journeyman DrTm of Ru (Lair:5)
  A dire elephant (Lair:5)
  4 entropy weavers (Lair:4)
  Josephine (Lair:4)
  A fire dragon (Lair:5)
  4 ghost crabs (Lair:4)
  A catoblepas (Lair:5)
  A boulder beetle (Lair:4)
  2 hydras (Lair:2)
  2 two-headed ogres
  5 death yaks
  5 large abominations (D:9)
  Urug (Lair:4)
  5 fire crabs (Lair:4)
  A spectral death yak (Lair:5)
  An orb spider (Spider:1)
  The ghost of zlionsfan the Gouger, a novice FeCK of Xom (Lair:3)
  A swamp dragon (Lair:5)
  2 spectral hydras (Lair:5)
  A wizard (D:9)
  2 lindwurms (Lair:5)
  A wolf spider (Spider:1)
  2 oklob plants (Lair:4)
  A manticore (D:11)
  8 elephants
  3 black mambas (Lair:5)
  2 merfolk sirens (Lair:3)
  5 cane toads
  2 torpor snails
  An apocalypse crab (Lair:4)
  6 komodo dragons
  7 rime drakes
  2 ice devils (Lair:3)
  5 polar bears
  A troll (D:9)
  A tarantella (Spider:1)
  2 merfolk (Lair:3)
  2 hornets (Lair:5)
  2 dream sheep (Lair:5)
  5 blink frogs (Lair:2)
  19 yaks
  3 jumping spiders (Spider:1)
  4 wraiths
  A wyvern (D:8)
  A redback (Spider:1)
  3 basilisks
  2 steam dragons (Lair:5)
  Grum (Lair:1)
  3 vampire mosquitoes (D:10)
  A death yak simulacrum (Lair:5)
  An acid dragon (D:10)
  17 water moccasins
  Edmund (D:4)
  A swamp drake (Lair:5)
  A hydra simulacrum (Lair:5)
  3 black bears
  3 orc warriors
  A sky beast (D:6)
  An ice beast (D:6)
  3 ogres
  16 wolves
  2 centaurs
  7 small abominations (D:9)
  2 kobold brigands (D:9)
  Blork the orc (D:4)
  7 bullfrogs
  A gnoll sergeant (D:8)
  3 scorpions
  5 wights (D:7)
  6 killer bees
  7 howler monkeys
  2 vampire bats (D:10)
  An electric eel (D:10)
  2 hounds
  4 orc priests
  7 iguanas
  12 orc wizards
  Ijyb (D:3)
  9 hell rats
  14 gnolls
  8 adders
  2 shadow imps
  A white imp (D:5)
  An ufetubus (D:5)
  5 worms
  3 dart slugs
  35 orcs
  6 bats
  5 bat skeletons (D:10)
  A bat zombie (D:10)
  7 endoplasms
  3 giant cockroaches
  10 goblins
  2 hobgoblins
  4 jackals
  18 kobolds
  4 quokkas
  5 ball pythons
  3 frilled lizards (D:1)
  7 rats
  2 plants
412 creatures vanquished.

Vanquished Creatures (others)
  A swamp drake (Lair:5)
  20 fungi
  25 plants
46 creatures vanquished.

Grand Total: 458 creatures vanquished

Notes
Turn   | Place    | Note
-------+----------+-------------------------------------------
     0 | D:1      | RapScallion the Hill Orc Fighter began the quest for the
                  | Orb.
     0 | D:1      | Reached XP level 1. HP: 19/19 MP: 1/1
   223 | D:1      | Reached XP level 2. HP: 27/27 MP: 2/2
   647 | D:1      | Reached XP level 3. HP: 29/33 MP: 3/3
  1133 | D:2      | Found a faded altar of an unknown god.
  1689 | D:2      | Reached XP level 4. HP: 31/41 MP: 4/4
  3052 | D:3      | Noticed Ijyb
  3063 | D:3      | Killed Ijyb
  3064 | D:3      | Reached skill level 5 in Axes
  3064 | D:3      | Reached XP level 5. HP: 30/47 MP: 5/5
  3233 | D:3      | Noticed an ogre
  3400 | D:3      | Killed an ogre
  3638 | D:3      | Reached XP level 6. HP: 55/55 MP: 6/6
  3935 | D:4      | Noticed a black bear
  3935 | D:4      | Found an iron altar of Okawaru.
  3937 | D:4      | Noticed Blork the orc
  3942 | D:3      | Killed a black bear
  3943 | D:3      | Reached skill level 5 in Fighting
  4016 | D:4      | Reached skill level 1 in Maces & Flails
  4155 | D:4      | Reached skill level 1 in Dodging
  4155 | D:4      | Reached XP level 7. HP: 44/61 MP: 7/7
  4397 | D:4      | Found a staircase to the Ecumenical Temple.
  4404 | Temple   | Entered the Ecumenical Temple
  4449 | Temple   | Became a worshipper of Uskayaw the Reveller
  4502 | D:4      | Found a basalt altar of Yredelemnul.
  4537 | D:4      | Found a bloodstained altar of Trog.
  4612 | D:4      | Reached * piety under Uskayaw
  4616 | D:4      | Noticed Edmund
  4628 | D:4      | Killed Edmund
  4629 | D:4      | Reached skill level 5 in Armour
  4629 | D:4      | Reached skill level 1 in Stealth
  4654 | D:4      | Found Rafeleonn's Antique Weapon Boutique.
  4833 | D:4      | Killed Blork the orc
  4871 | D:4      | Found an ornate altar of the Wu Jian Council.
  4879 | D:4      | Noticed a spectral centipede
  4879 | D:4      | Noticed a spectral black mamba
  4879 | D:4      | Noticed a spectral cane toad
  4896 | D:5      | Entered Level 5 of the Dungeon
  4903 | D:5      | Reached ** piety under Uskayaw
  4909 | D:5      | Reached *** piety under Uskayaw
  5251 | D:5      | Found a glowing golden altar of the Shining One.
  5301 | D:5      | Reached XP level 8. HP: 47/69 MP: 8/8
  5497 | D:5      | Found a snail-covered altar of Cheibriados.
  5691 | D:5      | Found a shimmering altar of Xom.
  5720 | D:5      | Found a sacrificial altar of Ru.
  5901 | D:5      | Reached skill level 5 in Maces & Flails
  6359 | D:5      | Found Ematumun's Tremendous Tomes.
  6745 | D:6      | Identified the +2 falchion of Embarrassment {chaos, Int+6
                  | SInv}
  6810 | D:6      | Found Xoymycle's Magic Scroll Shop.
  6823 | D:6      | Bought a scroll of identify for 26 gold pieces
  6823 | D:6      | Bought a scroll of identify for 26 gold pieces
  6823 | D:6      | Bought a scroll of identify for 26 gold pieces
  7545 | D:7      | Reached XP level 9. HP: 57/75 MP: 9/9
  8152 | D:7      | Identified the +11 spear of the Foremost Moons {spect,
                  | rElec rPois rC- Str+3}
  8259 | D:7      | Found a shimmering blue altar of Sif Muna.
  8263 | D:7      | Reached skill level 1 in Polearms
  8346 | D:7      | Reached skill level 2 in Polearms
  8354 | D:7      | Reached **** piety under Uskayaw
  8588 | D:8      | Identified the +7 plate armour of the Tuna {rPois}
  8831 | D:8      | Reached skill level 3 in Polearms
  9000 | D:8      | Noticed a two-headed ogre
  9007 | D:8      | Killed a two-headed ogre
  9008 | D:8      | Reached skill level 5 in Polearms
  9137 | D:8      | Found a staircase to the Lair.
  9207 | D:8      | Found Uniomoat's Antique Armour Shoppe.
  9233 | D:8      | Bought a runed helmet for 210 gold pieces
  9325 | D:8      | Reached XP level 10. HP: 86/86 MP: 10/10
  9539 | D:9      | Found Ryemn's Book Boutique.
  9571 | D:9      | Reached skill level 6 in Polearms
  9655 | D:9      | Found a staircase to the Orcish Mines.
  9949 | D:9      | Reached skill level 7 in Polearms
 10147 | D:9      | Noticed a wizard
 10151 | D:9      | Killed a wizard
 10156 | D:9      | Noticed a large abomination
 10156 | D:9      | Noticed a large abomination
 10161 | D:9      | Noticed a large abomination
 10166 | D:9      | Killed a large abomination
 10167 | D:9      | Reached skill level 8 in Polearms
 10167 | D:9      | Reached skill level 5 in Shields
 10172 | D:9      | Killed a large abomination
 10172 | D:9      | Killed a large abomination
 10173 | D:9      | Reached skill level 9 in Polearms
 10177 | D:9      | Reached skill level 10 in Polearms
 10177 | D:9      | Reached XP level 11. HP: 93/94 MP: 11/11
 10179 | D:9      | Reached ***** piety under Uskayaw
 10194 | D:9      | Identified the ring "Ublag" {Fire rCorr Dex+10 Slay-3}
 10349 | D:10     | Entered Level 10 of the Dungeon
 10766 | D:10     | Noticed a two-headed ogre
 10780 | D:10     | Killed a two-headed ogre
 11038 | D:10     | Reached skill level 11 in Polearms
 11221 | D:10     | Found an ancient bone altar of Kikubaaqudgha.
 11351 | D:11     | Noticed a manticore
 11362 | D:11     | Killed a manticore
 11484 | Lair:1   | Entered Level 1 of the Lair of Beasts
 11622 | Lair:1   | Got the Parchment of Metallic Formation
 11721 | Lair:1   | Found a runed translucent gate.
 11725 | Lair:1   | Found a runed translucent gate.
 11728 | Lair:1   | Found a runed translucent gate.
 11733 | Lair:1   | Noticed Estoelo's ghost (journeyman MiBe)
 11733 | Lair:1   | Noticed a catoblepas
 11872 | Lair:1   | Reached skill level 12 in Polearms
 11927 | Lair:1   | Noticed Grum
 11938 | Lair:1   | Killed Grum
 12250 | Lair:2   | Noticed a four-headed hydra
 12259 | Lair:2   | Killed a four-headed hydra
 12538 | Lair:2   | Reached skill level 10 in Armour
 12555 | Lair:2   | Reached skill level 13 in Polearms
 12555 | Lair:2   | Reached XP level 12. HP: 103/103 MP: 12/12
 12630 | Lair:2   | Noticed a four-headed hydra
 12637 | Lair:2   | Killed a four-headed hydra
 13150 | Lair:3   | Found a staircase to the Shoals.
 13292 | Lair:3   | Noticed a death yak
 13293 | Lair:3   | Noticed a death yak
 13320 | Lair:3   | Killed a death yak
 13328 | Lair:3   | Killed a death yak
 13592 | Lair:3   | Reached skill level 14 in Polearms
 13749 | Lair:3   | Found a runed translucent door.
 13749 | Lair:3   | Noticed zlionsfan's ghost (novice FeCK)
 13762 | Lair:3   | Killed zlionsfan's ghost
 14521 | Lair:3   | Found a hole to the Spider Nest.
 14748 | Lair:4   | Reached skill level 10 in Fighting
 14867 | Lair:4   | Noticed a boulder beetle
 14880 | Lair:4   | Killed a boulder beetle
 15119 | Lair:4   | Found a runed translucent door.
 15131 | Lair:4   | Reached XP level 13. HP: 114/114 MP: 13/13
 15240 | Lair:4   | Noticed an entropy weaver
 15498 | Lair:4   | Found a staircase to the Slime Pits.
 15499 | Lair:4   | Found a viscous altar of Jiyva.
 15527 | Lair:4   | Noticed Urug
 15534 | Lair:4   | Killed Urug
 15695 | Lair:4   | Reached skill level 15 in Polearms
 15908 | Lair:4   | Killed an entropy weaver
 16177 | Lair:4   | Noticed an entropy weaver
 16212 | Lair:4   | Killed an entropy weaver
 16671 | Lair:4   | Noticed an entropy weaver
 16680 | Lair:4   | Killed an entropy weaver
 16804 | Lair:4   | Noticed Josephine
 16811 | Lair:4   | Killed Josephine
 16863 | Lair:4   | Noticed an entropy weaver
 16869 | Lair:4   | Killed an entropy weaver
 16901 | Lair:4   | Paralysed by you for 3 turns
 17055 | Lair:4   | Found the +8 Vampire's Tooth {vamp}
 17348 | Lair:4   | Found a runed translucent gate.
 17350 | Lair:4   | Found a runed translucent gate.
 17352 | Lair:4   | Found a runed translucent gate.
 17353 | Lair:4   | Noticed Wuocso Bagia's ghost (journeyman TeSu)
 17651 | Lair:5   | Entered Level 5 of the Lair of Beasts
 18019 | Lair:5   | Reached XP level 14. HP: 126/126 MP: 14/14
 18042 | Lair:5   | Reached skill level 16 in Polearms
 18102 | Lair:5   | Found a runed translucent gate.
 18102 | Lair:5   | Found a runed translucent gate.
 18108 | Lair:5   | Found a runed translucent gate.
 18111 | Lair:5   | Noticed Anandil's ghost (journeyman DrTm)
 18511 | Lair:5   | Killed Anandil's ghost
 19001 | Lair:5   | Noticed a dire elephant
 19021 | Lair:5   | Killed a dire elephant
 19455 | Spider:1 | Entered Level 1 of the Spider Nest
 19586 | Spider:1 | Noticed Frances
 19619 | Spider:1 | HP: 1/129 [Frances/shard of ice (34)]
 19619 | Spider:1 | Mangled by an orange demon

Illustrated notes

Levels and vault maps discovered:
D:1:      lightli_arrival_quake, layout_basic
D:2:      layout_loops_ring, hellmonk_ecumenical_altar_zigzags,
          nicolae_kite_square_tiling_tiny, amcnicky_mini_corridor_feature
D:3:      layout_loops_ring, uniq_ijyb
D:4:      layout_gridville, pdpol_wu_jian_five_deadly_venoms,
          okawaru_ov_weapons_minmay, mainiacjoe_overflow_swirl,
          minmay_temple_entry_fiery, serial_shops, nicolae_take_the_stairs,
          uniq_edmund, uniq_blork_the_orc
D:5:      layout_basic, tso_metal_star, nicolae_overflow_crystal_walls,
          nicolae_ru_great_annihilating_truth, xom_teletrap_fun,
          nicolae_shop_i_like_big_books, serial_bayou_pond_c
D:6:      layout_cave_pods, serial_shops, shop, kennysheep_small_square
D:7:      layout_basic, kennysheep_orc_sif_temple
D:8:      layout_rooms, lair_entry_dummy, serial_shops, shop,
          hangedman_decor_clover_reticule,
          nicolae_concentric_dashed_squares_wild
D:9:      layout_basic, orc_0_dummy, serial_shops, shop, laboratory
D:10:     layout_cave_pods, kennysheep_vampire_church, minivault_4, st_stairs_12
D:11:     layout_stronghold, roderic_roman_lattice, uniq_snorg, uniq_erolcha,
          uniq_maurice
Temple:   ebering_untended_altars
Lair:1:   wander_river, layout_layer_cave, gammafunk_ghost_split, uniq_grum
Lair:2:   layout_hall_layers, lemuel_fruit_fields
Lair:3:   layout_cave_pods, elwin_shoals_entry_stream,
          spider_nest_entry_web_field, portal_ice_cave_demonic_guard,
          hellmonk_ghost_happy_afterlife, grunt_megastairs_5,
          infiniplex_staircase_pool_2
Lair:4:   gammafunk_mikee_crab_dinner, layout_small_grid,
          minmay_slime_entry_oklob_open, ebering_ghost_rock_garden,
          minivault_27, uniq_josephine, uniq_urug
Lair:5:   hangedman_lair_in_review, layout_regular_city,
          guppyfry_lair_end_dragon, gammafunk_ghost_necromancy
Spider:1: layout_chambers, uniq_frances

Skill      XL: |  1  2  3  4  5  6  7  8  9 10 11 12 13 14 |
---------------+-------------------------------------------+-----
Fighting       | 4 5 6 7 8 10 12 13 | 13.0
Axes           | 3 5 6 |  6.7
Armour         | 4 5 6 7 8 10 11 13 14 | 14.7
Maces & Flails | 1 4 6 |  6.5
Dodging        | 1 2 |  2.0
Stealth        | 1 2 |  2.9
Shields        | 4 5 6 7 |  7.9
Polearms       | 5 10 13 14 15 16 | 16.8

Action                   |  1- 3 |  4- 6 |  7- 9 | 10-12 | 13-15 || total
-------------------------+-------+-------+-------+-------+-------++-------
Melee: War axe           |   112 |    50 |       |       |       ||   162
       Club              |       |    44 |   190 |       |       ||   234
       Spear             |       |       |    51 |   374 |   417 ||   842
Throw: Dart              |       |       |       |       |     2 ||     2
  Use: Scroll            |       |     4 |     9 |    14 |     4 ||    31
 Stab: Paralysed         |       |       |     5 |    14 |    18 ||    37
       Distracted        |       |       |     3 |     3 |     6 ||    12
Armor: Scale mail        |    51 |    17 |       |       |       ||    68
       Ring mail         |       |    16 |    45 |       |       ||    61
       Plate armour      |       |       |    12 |    84 |   237 ||   333
Dodge: Dodged            |    53 |    25 |    59 |    35 |   103 ||   275
Block: Buckler           |    25 |    16 |    32 |    30 |    50 ||   153
